 Dungeon Crawl Stone Soup version 0.22.1-2-g9c5b331 (webtiles) character file.

600 MalarOregon the Poker (level 7, -3/54 HPs)
             Began as a Merfolk Gladiator on Nov 18, 2018.
             Slain by an ogre
             ... wielding a +0 giant club
              (20 damage)
             ... on level 5 of the Dungeon.
             The game lasted 00:07:23 (5069 turns).

MalarOregon the Poker (Merfolk Gladiator)           Turns: 5069, Time: 00:07:23

Health: -3/54      AC:  6    Str: 15    XL:     7   Next: 41%
Magic:  10/10      EV: 15    Int:  9    God:
Gold:   270        SH:  0    Dex: 15    Spells: 11/11 levels left

rFire    + . .     SeeInvis .   a - +0 trident
rCold    . . .     Gourm    .   (no shield)
rNeg     . . .     Faith    .   b - +0 leather armour
rPois    .         Spirit   .   A - +0 helmet
rElec    .         Reflect  .   (no cloak)
rCorr    .         Harm     .   (no gloves)
MR       .....                  (no boots)
Stlth    +.........             (no amulet)
HPRegen  0.18/turn              t - +2 ring of protection
MPRegen  0.12/turn              i - ring of protection from fire

@: no status effects
A: change form in water, swift swim, stealthy swim
a: no special abilities


You were on level 5 of the Dungeon.
You were not hungry.

You visited 1 branch of the dungeon, and saw 5 of its levels.

You collected 270 gold pieces.

Inventory:

Hand Weapons
 a - a +0 trident (weapon)
 g - the +8 glaive of the Guard {elec, +Rage AC+5 SInv}
   (You found it on level 4 of the Dungeon)

   Occasionally, upon striking a foe, it will discharge some electrical energy
   and cause terrible harm.
   It affects your AC (+5).
   It lets you see invisible.
   It lets you go berserk.
 E - a cursed -3 spear
   (You took it off a gnoll on level 4 of the Dungeon)
Missiles
 d - 3 throwing nets {!f}
 o - 119 stones
 q - 19 poisoned needles
 y - 5 javelins (quivered)
Armour
 b - a +0 leather armour (worn)
 A - a +0 helmet (worn)
   (You found it on level 3 of the Dungeon)
Jewellery
 i - a ring of protection from fire (right hand)
   (You found it on level 2 of the Dungeon)
 k - an uncursed ring of wizardry
   (You found it on level 1 of the Dungeon)
 t - a +2 ring of protection (left hand)
   (You found it on level 1 of the Dungeon)
Wands
 x - a wand of acid (6)
   (You found it on level 4 of the Dungeon)
Scrolls
 c - a scroll of identify {@r1}
 h - 2 scrolls of blinking {unknown}
 j - 2 scrolls of immolation {!r}
 m - a scroll of enchant weapon {unknown}
 n - a scroll of remove curse {@r2}
 s - a scroll of fog
 v - a scroll of amnesia {unknown}
Potions
 l - 3 potions of invisibility {unknown}
 p - 2 potions of magic {unknown}
 r - 3 potions of haste {@q3}
 u - 2 potions of agility {unknown}
 w - a potion of curing {@q1}
 z - 2 potions of berserk rage {unknown}
 B - a potion of cancellation
 C - a potion of lignification {unknown}
 D - a potion of flight
Comestibles
 e - 15 rations {!d}
 f - 9 chunks of flesh


   Skills:
 + Level 4.0 Fighting
 * Level 7.7 Polearms
 + Level 3.6 Throwing
 + Level 5.7 Dodging
 + Level 2.6 Spellcasting


You had 11 spell levels left.
You didn't know any spells.
Your spell library was empty.

Dungeon Overview and Level Annotations

Branches:
Dungeon (5/15)
 Temple: D:4-7

Altars:
Fedhas
Okawaru
Uskayaw
Wu Jian


Message History

You hit the ogre but do no damage. The ogre misses you.
You hit the ogre.
You kill the ogre!
Your Fighting skill increases to level 4!
Things that are here:
a giant spiked club; an ogre corpse You butcher the ogre corpse.
f - 9 chunks of flesh (gained 6)
You see here a giant spiked club. x2
Found a ration.
Found a pair of embroidered gloves.
e - 15 rations {!d} (gained 1)
An ogre comes into view. It is wielding a giant club.
You see here a pair of embroidered gloves.
An ogre is nearby!
An ogre is nearby!
Attack whom?
Aim: an ogre, wielding a giant club You reach to attack!
You hit the ogre.
A quokka comes into view.
You hit the ogre. The ogre closely misses you.
You closely miss the ogre. You hit the ogre. The ogre misses you.
You hit the ogre. The ogre misses you.
You barely miss the ogre. You hit the ogre.
The ogre hits you with a giant club!!
* * * LOW HITPOINT WARNING * * *
You hit the ogre. The quokka bites you.
* * * LOW HITPOINT WARNING * * *
The ogre closely misses you. The quokka misses you.
You completely miss the ogre.
The quokka bites you but does no damage.
The ogre hits you with a giant club.
* * * LOW HITPOINT WARNING * * *
The quokka bites you but does no damage.
The quokka bites you but does no damage.
Attack whom?
Aim: an ogre, wielding a giant club (severely wounded)
You reach to attack!
You barely miss the ogre. The quokka misses you.
Attack whom?
Aim: an ogre, wielding a giant club (severely wounded)
The quokka is in the way.
You hit the quokka.
You kill the quokka!
Attack whom?
Aim: an ogre, wielding a giant club (severely wounded)
You barely miss the ogre. The ogre closely misses you.
Attack whom?
Aim: an ogre, wielding a giant club (severely wounded)
You hit the ogre. The ogre hits you with a giant club!!
You die...

# #.
#.#..##########
..........O@..#
.##...[.####.#
.......#.# #.#
...###.#.# #.#
.# #.#.# #.# ##
##....# #.# ##.
....#.# #.#
...#####.#.....
#.#
(.....#.....#.#
#.#


You could see an ogre.

Vanquished Creatures
  2 ogres
  A howler monkey (D:4)
  A hound (D:4)
  A gnoll shaman (D:4)
  2 orc wizards (D:3)
  An orc priest (D:4)
  3 worker ants
  4 gnolls (D:4)
  3 adders
  2 river rats (D:4)
  An ooze (D:3)
  4 worms
  4 dart slugs
  4 leopard geckos
  8 orcs
  6 giant cockroaches
  2 goblins
  5 hobgoblins
  A jackal (D:5)
  A quokka (D:5)
  2 ball pythons
  8 bats
  7 frilled lizards
  7 kobolds
  4 rats
84 creatures vanquished.

Notes
Turn   | Place    | Note
-------+----------+-------------------------------------------
     0 | D:1      | MalarOregon the Merfolk Gladiator began the quest for the
                  | Orb.
     0 | D:1      | Reached XP level 1. HP: 16/16 MP: 1/1
   313 | D:1      | Reached XP level 2. HP: 15/23 MP: 2/2
  1021 | D:2      | Reached skill level 5 in Polearms
  1049 | D:2      | Reached XP level 3. HP: 27/28 MP: 3/3
  1969 | D:3      | Found a blossoming altar of Fedhas.
  1972 | D:3      | Reached skill level 1 in Spellcasting
  1973 | D:3      | Found an ornate altar of the Wu Jian Council.
  1973 | D:3      | Found an iron altar of Okawaru.
  2131 | D:3      | Reached XP level 4. HP: 33/34 MP: 5/5
  2657 | D:4      | Noticed an ogre
  2996 | D:3      | Reached XP level 5. HP: 15/41 MP: 5/7
  3336 | D:4      | Reached skill level 6 in Polearms
  3624 | D:4      | Found a hide-covered altar of Uskayaw.
  3624 | D:4      | Found the +8 glaive of the Guard {elec, +Rage AC+5 SInv}
  3640 | D:3      | Reached skill level 5 in Dodging
  3865 | D:4      | Reached XP level 6. HP: 45/47 MP: 8/8
  4636 | D:4      | Reached skill level 7 in Polearms
  4879 | D:4      | Reached XP level 7. HP: 33/53 MP: 10/10
  5001 | D:5      | Entered Level 5 of the Dungeon
  5069 | D:5      | Slain by an ogre

Skill      XL: |  1  2  3  4  5  6  7 |
---------------+----------------------+-----
Polearms       | 5 6 7 |  7.7
Spellcasting   | 1 2 |  2.6
Fighting       | 3 4 |  4.0
Throwing       | 3 |  3.6
Dodging        | 5 |  5.7

Action                   |  1- 3 |  4- 6 |  7- 9 || total
-------------------------+-------+-------+-------++-------
Melee: Trident           |   117 |   236 |    41 ||   394
Throw: Javelin           |       |     6 |       ||     6
  Use: Scroll            |     7 |       |     1 ||     8
       Potion            |       |     1 |       ||     1
 Stab: Sleeping          |     3 |     4 |       ||     7
  Eat: Chunk             |     4 |     5 |     1 ||    10
       Ration            |       |     1 |       ||     1
Armor: Leather armour    |    29 |    50 |     6 ||    85
Dodge: Dodged            |    67 |   173 |    21 ||   261
